 Dungeon Sprint DCSS version 0.31.0-9-g3a7656b989 (webtiles) character file.

Game seed: 15687868190278484239

21 Heoruswealwe the Poker (level 2, -1/28 HPs)
             Began as a Minotaur Fighter on Feb 5, 2024.
             Splashed by a jelly's acid (8 damage)
             ... in the Dungeon (Sprint IX: "|||||||||||||||||||||||||||||").
             The game lasted 00:00:25 (36 turns).

Heoruswealwe the Poker (Minotaur Fighter)             Turns: 36, Time: 00:00:25

Health: -1/28      AC:  3    Str: 20    XL:     2   Next: 65%
Magic:  1/1        EV:  9    Int:  5    God:
Gold:   0          SH:  4    Dex:  9    Spells: 1/1 levels left

rFire   . . .        a - +0 trident
rCold   . . .        d - +0 buckler
rNeg    . . .        c - +0 scale mail
rPois   .            (helmet restricted)
rElec   .            (no cloak)
rCorr   .            (no gloves)
SInv    .            (no boots)
Will    .....        (no amulet) Stlth
                     (no ring)
HPRegen 0.24/turn    (no ring)
MPRegen 0.07/turn

%: no teleportation
@: corroded
A: horns 2, retaliatory headbutt
a: no special abilities


You were in the Dungeon.
You visited 1 branch

Inventory:

Hand Weapons
 a - a +0 trident (weapon)
Armour
 c - a +0 scale mail (worn)
 d - a +0 buckler (worn)
Scrolls
 j - a scroll of blinking
Potions
 b - a potion of might
 e - a potion of curing
 f - a potion of heal wounds
 g - a potion of haste
 h - 2 potions of magic
 i - a potion of berserk rage


   Skills:
 + Level 4.9 Fighting
 * Level 5.1 Polearms
 + Level 4.8 Armour
 - Level 3.6 Shields


You had one spell level left.
You didn't know any spells.
Your spell library was empty.

Dungeon Overview and Level Annotations

Branches:
Dungeon (1/1)

Altars:


Innate Abilities, Weirdness & Mutations

You have a pair of horns on your head.
You reflexively headbutt those who attack you in melee.


Message History

The iguana hisses angrily.
The jelly quivers.
The ufetubus shouts!
The adder hisses angrily.
The adder bites you but does no damage.
You miss the adder. You headbutt the adder!
The adder is almost dead.
The adder bites you but does no damage.
You closely miss the adder. Your headbutt misses the adder.
The adder is almost dead.
The adder bites you but does no damage. The adder closely misses you.
You completely miss the adder.
The adder is almost dead.
The adder closely misses you.
You hit the adder.
You kill the adder!
The ufetubus closely misses you. You furiously retaliate!
You headbutt the ufetubus. You block the ufetubus's attack.
You have reached level 2!
You hit the ufetubus but do no damage.
The ufetubus is severely wounded.
The ufetubus slips past you! You block the ufetubus's attack.
The ufetubus closely misses you.
The ufetubus hits you but does no damage.
The ufetubus barely misses you.
You miss the ufetubus. You headbutt the ufetubus.
You kill the ufetubus!
The jelly hits you but does no damage.
Your Polearms skill increases to level 5!
You hit the jelly.
Your hands burn!
The jelly is lightly wounded.
The jelly closely misses you. You furiously retaliate!
You headbutt the jelly! You hit the jelly but do no damage.
Your hands burn!
The jelly is almost dead.
The jelly hits you.
You are splashed with acid!
You hit the jelly but do no damage.
Your hands burn!
The jelly is severely wounded.
The jelly hits you.
* * * LOW HITPOINT WARNING * * *
The acid corrodes you!
You are splashed with acid!
You die...

▓+▓
▓.▓
▓.▓
▓.▓
▓c▓
▓l▓
▓J▓
▓@▓
▓.▓
▓.▓
▓.▓
▓)▓
▓'▓
▓.▓
▓.▓
▓.▓


You could see a centaur, an iguana and a jelly.

Vanquished Creatures
  An adder (D)
  An ufetubus (D)
  A dart slug (D)
  2 ball pythons (D)
  A kobold (D)
  A rat (D)
7 creatures vanquished.

Notes
Turn   | Place    | Note
-------+----------+-------------------------------------------
     0 | D        | Heoruswealwe the Minotaur Fighter began the quest for the
                  | Orb.
     0 | D        | Reached XP level 1. HP: 19/19 MP: 0/0
     7 | D        | Reached skill level 3 in Polearms
    22 | D        | Reached skill level 4 in Polearms
    27 | D        | Noticed a centaur
    27 | D        | Noticed an iguana
    27 | D        | Noticed a jelly
    32 | D        | Reached XP level 2. HP: 28/28 MP: 1/1
    34 | D        | Reached skill level 5 in Polearms
    36 | D        | Splashed by a jelly's acid

Illustrated notes

Levels and vault maps discovered:
D:        linesprint [early_d, line_temple, items_1, d_10, items_2, lair_1,
          lair_end, items_3, orc_1, orc_end, items_4, d_15, swamp_1, shoals_1,
          snake_1, spider_1, d_20, vaults_1, items_5, swamp_end, shoals_end,
          snake_end, spider_end, vaults_end, d_27, items_6, zot_1, zot_end,
          crypt_end, forest_end, elf_end, slime_end, tomb_end, abyss_end,
          pan_hell_end]

Skill      XL: |  1  2 |
---------------+-------+-----
Fighting       | 4 |  4.9
Polearms       | 4 5 |  5.1
Armour         | 4 |  4.8
Shields        | |  3.6

Action                     || total
---------------------------++-------
  Melee: Trident           ||    26
         Headbutt          ||     4
 Armour: Scale mail        ||    11
  Dodge: Dodged            ||    14
  Block: Buckler           ||     8
